 Dungeon Crawl Stone Soup version 0.30.1-11-g7821555f0a (webtiles) character file.

Game seed: 9666920281665056917

14 KyoPewz the Sneak (level 2, 0/11 HPs)
             Began as a Felid Enchanter on Oct 31, 2023.
             Slain by an adder (4 damage)
             ... on level 2 of the Dungeon.
             The game lasted 00:01:55 (1049 turns).

KyoPewz the Sneak (Felid Enchanter)                 Turns: 1049, Time: 00:01:56

Health: 0/11       AC:  1    Str:  4    XL:     2   Next: 31%
Magic:  6/6        EV: 17    Int: 16    God:
Gold:   34         SH:  0    Dex: 16    Spells: 3/5 levels left
                                        Lives:  0   Deaths: 0

rFire   . .          .
                       - Unarmed
rCold   . . .        (shield unavailable)
rNeg    . . .        (body armour unavailable)
rPois   .            (helmet unavailable)
rElec   .            (cloak unavailable)
rCorr   .            (gloves unavailable)
SInv    +            (boots unavailable)
Will    .....        (no amulet)
Stlth   +++          (no ring)
HPRegen 0.21/turn    (no ring)
MPRegen 0.10/turn

%: no passive effects
@: quick
A: very small, claws 1, fangs 3, see invisible, speed 1, shaggy fur 1, stealthy
paws, no weapons or thrown items, no armour, multi-lived
a: no special abilities


You were on level 2 of the Dungeon.
You visited 1 branch of the dungeon, and saw 2 of its levels.

You collected 34 gold pieces.

Inventory:

Scrolls
 b - 2 scrolls of enchant weapon {unknown}
 c - 2 scrolls of blinking {unknown}
 e - a scroll of identify {unknown}
 f - a scroll of enchant armour {unknown}
 g - a scroll of teleportation {unknown}
Potions
 a - 2 potions of invisibility
 d - a potion of curing {unknown}


   Skills:
 - Level 2.6 Dodging
 + Level 5.2 Stealth
 - Level 1.0 Unarmed Combat
 - Level 2.0 Spellcasting
 - Level 4.4 Hexes


You had 3 spell levels left.
You knew the following spells:

 Your Spells              Type           Power      Damage    Failure   Level
a - Ensorcelled Hibernat  Hex/Ice        16%        N/A       13%         2

Your spell library contained the following spells:

 Spells                   Type           Power      Damage    Failure   Level
 Confusing Touch          Hex            15%        N/A       11%         3
 Tukima's Dance           Hex            15%        N/A       11%         3
 Dazzling Flash           Conj/Hex       16%        N/A       26%         3


Dungeon Overview and Level Annotations

Branches:
Dungeon (2/15)

Altars:

Annotations:
D:2 exclusion: 2 gnolls


Innate Abilities, Weirdness & Mutations

You have sharp claws.
You have razor-sharp teeth.
You have supernaturally acute eyesight. (SInv)
You cover ground quickly. (Speed+)
You are covered in fur. (AC +1)
Your paws help you pounce on unaware monsters.
You are incapable of wielding weapons or throwing items.
You cannot wear armour.
You gain extra lives every three experience levels.


Message History

You kill the hobgoblin!
You start resting.
HP restored.
Health restored: 11 2 gnolls come into view.
An endoplasm is nearby!
You catch the helpless endoplasm completely off-guard!
You claw the endoplasm!
You kill the endoplasm!
No target in view!
An adder comes into view.
The adder hisses angrily.
A rat comes into view.
The adder moves out of view.
The adder barely misses you.
You scratch the adder.
The adder is lightly wounded.
The adder completely misses you. The adder bites you.
You are poisoned.
The adder poisons you!
You take 2 damage, and have 9/11 hp.
You scratch the adder. You claw the adder, but do no damage.
Your bite misses the adder.
The adder is moderately wounded.
You feel sick. The rat completely misses you. The adder misses you.
You take 1 damage, and have 8/11 hp.
You scratch the adder. You bite the adder.
The adder is heavily wounded.
You feel sick. The adder completely misses you. The rat bites you.
You take 1 damage, and have 7/11 hp.
You feel sick.
You take 1 damage, and have 6/11 hp.
You feel sick.
You take 1 damage, and have 5/11 hp.
You feel sick.
You are no longer poisoned.
You take 1 damage, and have 4/11 hp.
The adder attacks as you move away! The adder misses you.
The adder attacks as you move away! The adder bites you.
You die...

.......#.# ###......#
......#.## #.######
........# ##)## #.......#
#...# # ##.#...#.#
#...####### ....#...$..#.#
#.........#
#..........#.#####...#####..
##.##..#.#.#.#...........#..
#....?r.S@................
#.##.########...........#..
#. #. #####...#####.. . ..
#.........# ## #...#######
##>..## # #.....# #.#.#.#
###.#.#.#


You could see an adder and a rat.

Vanquished Creatures
  A ball python (D:2)
  An endoplasm (D:2)
  2 goblins
  4 hobgoblins
  A bat (D:1)
  A frilled lizard (D:1)
  A kobold (D:2)
  2 rats
13 creatures vanquished.

Notes
Turn   | Place    | Note
-------+----------+-------------------------------------------
     0 | D:1      | KyoPewz the Felid Enchanter began the quest for the Orb.
     0 | D:1      | Reached XP level 1. HP: 7/7 MP: 4/4
    95 | D:1      | You fall into a shaft and drop 1 floor!
   752 | D:2      | Reached XP level 2. HP: 8/11 MP: 6/6
   755 | D:2      | Learned a level 2 spell: Ensorcelled Hibernation
   790 | D:2      | Reached skill level 5 in Stealth
  1049 | D:2      | Slain by an adder

Illustrated notes

Levels and vault maps discovered:
D:1:      wander_arrival_lonely_grave, layout_loops_ring, serial_bayou,
          serial_bayou_shore_a, serial_bayou_ford_a, serial_bayou_pond_c,
          serial_bayou_crossing, serial_bayou_pond_a
D:2:      layout_loops_cross, chequers_avenue, chequers_serial_rivers_micro_b

Skill      XL: |  1  2 |
---------------+-------+-----
Stealth        | 5 |  5.2
Dodging        | |  2.6
Unarmed Combat | |  1.0
Spellcasting   | |  2.0
Hexes          | |  4.4

Action                     || total
---------------------------++-------
  Melee: Unarmed           ||    45
         Bite              ||     2
         Punch             ||     1
   Stab: Sleeping          ||     2
         Distracted        ||     1
 Armour: Skin              ||     3
  Dodge: Dodged            ||    34
